[Event "Titled Tuesday Blitz February 28 Early 2023"]
[White "Ilinca Ilinca, Felix Antonio"]
[Black "Samunenkov, Ihor"]
[WhiteFideId "54764998"]
[BlackFideId "14187086"]
[WhiteElo "2031"]
[BlackElo "2457"]
[Result "0-1"]
[Round "10"]
[TimeControl "180+2"]
[Date "2023.02.28"]
[WhiteClock "0:00:06"]
[BlackClock "0:00:03"]

1. e4 c5 2. Nf3 Nc6 3. d4 cxd4 4. Nxd4 Nf6 5. Nc3 e5 6. Ndb5 d6 7. Nd5 Nxd5 8. exd5 Ne7 9. c4 Ng6 10. Qa4 Bd7 11. Qb4 Qb8 12. h4 h5 13. g3 Be7 14. Bg5 a6 15. Bxe7 Kxe7 16. Nxd6 Qxd6 17. c5 Qxd5 18. c6+ Qd6 19. Qxd6+ Kxd6 20. cxd7 Kxd7 21. Bg2 Rab8 22. O-O-O+ Ke7 23. Rhe1 f5 24. Kb1 b6 25. Rc1 Rhc8 26. Bf3 e4 27. Bxh5 Ne5 28. Rxc8 Rxc8 29. f3 g6 30. Bxg6 Nxg6 31. fxe4 fxe4 32. Rxe4+ Kf6 33. a3 Ne5 34. g4 Rh8 35. g5+ Kf5 36. Rd4 b5 37. Rd6 Rxh4 38. Rxa6 Nc4 39. a4 bxa4 40. Ka2 Nd2 41. Ra5+ Kg6 42. Rd5 Nb3 43. Ka3 Nc1 44. Rb5 Nd3 45. Rd5 Ne1 46. Ra5 Nc2+ 47. Ka2 Rg4 48. Rc5 Nb4+ 49. Ka3 Nd3 50. Ra5 Rg3 51. Ka2 Nb4+ 52. Kb1 Rg1# 0-1


[Site "https://www.chess.com"]

[Event "Titled Tuesday Blitz February 28 Early 2023"]
[White "EREBUNI91"]
[Black "Krstulovic, Alex"]
[BlackFideId "760056"]
[WhiteElo "2735"]
[BlackElo "2311"]
[Result "0-1"]
[Round "10"]
[TimeControl "180+2"]
[Date "2023.02.28"]
[WhiteClock "0:01:06"]
[BlackClock "0:00:46"]

1. e4 e5 2. Nf3 Nf6 3. d4 Nxe4 4. Bd3 Nc6 5. d5 Nf6 6. dxc6 e4 7. Be2 exf3 8. cxb7 Bxb7 9. Bxf3 d5 10. O-O Be7 11. c4 O-O 12. Nc3 c6 13. cxd5 Nxd5 14. Nxd5 cxd5 15. Be3 Bf6 16. Bd4 Re8 17. Qd2 Bxd4 18. Qxd4 Qb6 19. Qd2 Rad8 20. Rfe1 h6 21. Qd4 Qxd4 22. Re4 dxe4 23. Rd1 Qxd1+ 0-1


[Site "https://www.chess.com"]

[Event "Titled Tuesday Blitz February 28 Early 2023"]
[White "Postny, Evgeny"]
[Black "Gauri, Shankar"]
[WhiteFideId "2804344"]
[BlackFideId "5041350"]
[WhiteElo "2509"]
[BlackElo "2240"]
[Result "1-0"]
[Round "10"]
[TimeControl "180+2"]
[Date "2023.02.28"]
[WhiteClock "0:00:07"]
[BlackClock "0:00:02"]

1. e4 e5 2. Nf3 Nc6 3. Bc4 Nf6 4. Ng5 d5 5. exd5 Na5 6. Bb5+ c6 7. dxc6 bxc6 8. Be2 h6 9. Nh3 Bd6 10. d3 Be6 11. Nc3 Qd7 12. Ng1 O-O 13. Nf3 c5 14. O-O Nc6 15. Ne4 Be7 16. Be3 c4 17. Nc5 Bxc5 18. Bxc5 cxd3 19. cxd3 Rfe8 20. d4 e4 21. Ne5 Nxe5 22. dxe5 Nd5 23. Re1 Qb7 24. Qd4 Nf4 25. Bf1 Bf5 26. Bd6 Rac8 27. Qe3 Nd3 28. Re2 Qd5 29. Rd2 Bg6 30. f3 Qa5 31. b4 Qa4 32. fxe4 Nxe5 33. Bc5 Ng4 34. Qb3 Qxb3 35. axb3 Rxe4 36. Rxa7 Re1 37. Rad7 Kh7 38. h3 Rc7 39. Rxc7 Nf6 40. Re7 Rb1 41. Re3 Ne4 42. Rde2 Nf6 43. Re1 Rb2 44. Bd3 Nd5 45. Bxg6+ Kxg6 46. Rf3 f6 47. Ref1 h5 48. Kh2 Kh7 49. b5 Kg6 50. b6 Ra2 51. b7 1-0


[Site "https://www.chess.com"]

[Event "Titled Tuesday Blitz February 28 Early 2023"]
[White "Yuan, Qingyu"]
[Black "Tan, Jun Ying"]
[WhiteFideId "8609772"]
[BlackFideId "5710413"]
[WhiteElo "2359"]
[BlackElo "2089"]
[Result "0-1"]
[Round "10"]
[TimeControl "180+2"]
[Date "2023.02.28"]
[WhiteClock "0:00:01"]
[BlackClock "0:00:37"]

1. d4 Nf6 2. c4 c5 3. d5 e6 4. Nc3 exd5 5. cxd5 d6 6. e4 g6 7. Nf3 a6 8. a4 Bg4 9. h3 Bxf3 10. Qxf3 Bg7 11. Bd3 O-O 12. O-O Nbd7 13. Bf4 Ne8 14. Qe2 Ne5 15. Bc2 Rb8 16. a5 b5 17. axb6 Rxb6 18. Na4 Rb4 19. Qxa6 Nc7 20. Qe2 Nc4 21. Ra2 Nb5 22. Bd3 Nd4 23. Qd1 Ne5 24. Bb1 f5 25. Bd2 Rb7 26. exf5 Nxf5 27. Bxf5 Rxf5 28. Bc3 Qg5 29. Kh1 Rbf7 30. b3 Qh4 31. Bxe5 Bxe5 32. Nb6 Rf3 33. Kg1 Qf4 34. g3 Rxg3+ 35. fxg3 Qxg3+ 36. Rg2 Bd4+ 37. Kh1 Qxh3+ 38. Rh2 Rxf1+ 0-1


[Site "https://www.chess.com"]

[Event "Titled Tuesday Blitz February 28 Early 2023"]
[White "Pakleza, Zbigniew"]
[Black "Seemann, Jakub"]
[WhiteFideId "1119290"]
[BlackFideId "21874697"]
[WhiteElo "2410"]
[BlackElo "2364"]
[Result "1-0"]
[Round "10"]
[TimeControl "180+2"]
[Date "2023.02.28"]
[WhiteClock "0:00:12"]
[BlackClock "0:01:21"]

1. d4 d5 2. Bf4 Nf6 3. e3 c5 4. c3 Nc6 5. Nd2 e6 6. Ngf3 cxd4 7. cxd4 Bd6 8. Bg3 O-O 9. Bd3 Qe7 10. Ne5 Nd7 11. f4 f6 12. Nxc6 bxc6 13. O-O c5 14. Rc1 c4 15. Bb1 Rb8 16. b3 cxb3 17. Nxb3 Ba6 18. Rf2 Bc4 19. Na5 Rfc8 20. Nxc4 dxc4 21. f5 Bxg3 22. hxg3 e5 23. Rfc2 exd4 24. Qxd4 Ne5 25. Re2 Rd8 26. Qc3 Qc5 27. Be4 Qb4 28. Rec2 Qxc3 29. Rxc3 Rb2 30. Ra3 Rd7 31. Ra6 h5 32. a4 Kh7 33. Re6 Kh6 34. Rxe5 fxe5 35. Rxc4 Kg5 36. a5 Ra2 37. Rc6 1-0


[Site "https://www.chess.com"]

[Event "Titled Tuesday Blitz February 28 Early 2023"]
[White "Arabidze, Meri"]
[Black "Fernandez Guillen, Ernesto J."]
[WhiteFideId "13604040"]
[BlackFideId "3512428"]
[WhiteElo "2405"]
[BlackElo "2423"]
[Result "1-0"]
[Round "10"]
[TimeControl "180+2"]
[Date "2023.02.28"]
[WhiteClock "0:00:08"]
[BlackClock "0:00:10"]

1. d4 Nf6 2. c4 g6 3. g3 Bg7 4. Bg2 O-O 5. Nc3 d5 6. cxd5 c6 7. dxc6 Nxc6 8. Nf3 e5 9. d5 Nb4 10. e4 Nxe4 11. Nxe4 f5 12. O-O fxe4 13. Ng5 Qxd5 14. Qxd5+ Nxd5 15. Bxe4 Nf6 16. Bc2 Bf5 17. Bb3+ Kh8 18. Nf7+ Rxf7 19. Bxf7 e4 20. Bf4 Rf8 21. Bc4 Nh5 22. Be3 a6 23. a4 Nf6 24. Rad1 Ng4 25. Bd4 Ne5 26. Bxe5 Bxe5 27. b3 h5 28. Rd5 Bc7 29. a5 Kg7 30. Rfd1 Kh6 31. Rc5 Bd8 32. Bd5 b6 33. Rc6 bxa5 34. Rxa6 h4 35. Re1 h3 36. Bxe4 Re8 37. f3 Be7 38. Bxf5 Bc5+ 39. Kf1 Rg8 40. Ree6 Rb8 41. Rxg6+ Kh5 42. Bg4# 1-0


[Site "https://www.chess.com"]

[Event "Titled Tuesday Blitz February 28 Early 2023"]
[White "Cherniaiev, Tykhon"]
[Black "Fiorito, Joaquin"]
[WhiteFideId "14182360"]
[BlackFideId "180173"]
[WhiteElo "2450"]
[BlackElo "2157"]
[Result "0-1"]
[Round "10"]
[TimeControl "180+2"]
[Date "2023.02.28"]
[WhiteClock "0:00:04"]
[BlackClock "0:02:01"]

1. Nf3 d5 2. d4 Nf6 3. c4 e6 4. Nc3 Bb4 5. Bg5 dxc4 6. e4 c5 7. dxc5 Qa5 8. Bxf6 gxf6 9. Qd4 Nd7 10. Bxc4 Qxc5 11. O-O-O Qxd4 12. Nxd4 a6 13. a3 Bxc3 14. bxc3 Ke7 15. Rhe1 Ne5 16. Bb3 Bd7 17. f4 Nc6 18. Rd2 Rac8 19. Nxc6+ Bxc6 20. Kb2 Rhd8 21. Kc2 Rxd2+ 22. Kxd2 h5 23. h4 Rg8 24. Re2 Rg4 25. Ke3 Rxh4 26. Kf3 Rh1 27. Kf2 Rb1 28. Bc2 Ra1 29. Kg3 Rxa3 30. Re3 b5 31. Rf3 a5 32. Bd1 Bxe4 33. Re3 f5 34. Bxh5 b4 35. Bf3 Bxf3 36. gxf3 Rxc3 37. Re5 Ra3 38. Rb5 Ra2 39. Rb7+ Kf6 40. Rb5 Ra3 41. Rb7 b3 42. Rb6 a4 43. Rb7 Ra2 44. Rb6 b2 45. Rb8 a3 46. Kh4 Ra1 47. Rg8 Rh1+ 48. Kg3 Rg1+ 49. Kf2 Rxg8 50. Ke3 b1=Q 51. Kf2 Qb2+ 52. Ke3 Rc8 53. Kd3 Rc3+ 54. Kd4 Qb4# 0-1


[Site "https://www.chess.com"]

[Event "Titled Tuesday Blitz February 28 Early 2023"]
[White "Sielecki, Christof"]
[Black "Goltsev, Dmitry"]
[WhiteFideId "4620437"]
[BlackFideId "24176710"]
[WhiteElo "2443"]
[BlackElo "2302"]
[Result "1-0"]
[Round "10"]
[TimeControl "180+2"]
[Date "2023.02.28"]
[WhiteClock "0:00:19"]
[BlackClock "0:00:34"]

1. e4 e6 2. d4 d5 3. Nd2 c5 4. Ngf3 Nf6 5. exd5 exd5 6. Bb5+ Nc6 7. O-O Be7 8. dxc5 Bxc5 9. Nb3 Bb6 10. Re1+ Be6 11. Nbd4 O-O 12. Bxc6 bxc6 13. Nxc6 Qc7 14. Ncd4 Ne4 15. c3 Bg4 16. Be3 Rfe8 17. h3 Bd7 18. Nb3 Bxh3 19. gxh3 Nxf2 20. Kxf2 Bxe3+ 21. Rxe3 Rxe3 22. Kxe3 Qg3 23. Nd4 Re8+ 24. Kd3 Qxh3 25. Qh1 Qg4 26. Re1 Rb8 27. b3 Rc8 28. Qh4 Qg2 29. Rg1 Qb2 30. Rxg7+ Kxg7 31. Qg4+ Kf6 32. Qxc8 Qb1+ 33. Kd2 Qxa2+ 34. Nc2 Qxb3 35. Qd8+ Kg7 36. Qg5+ Kf8 37. Ne5 Qb7 38. Qf6 a5 39. Qh8+ Ke7 40. Qxh7 Ke6 41. Nd3 Qb1 42. Nd4+ Ke7 43. Qh4+ Kd7 44. Ne5+ Kc8 45. Qg4+ Kb8 46. Qg8+ Kb7 47. Qxf7+ Kb6 48. Qe6+ Ka7 49. Qd7+ Ka6 50. Nd3 Qa2+ 51. Ke3 Qc4 52. Qd6+ Ka7 53. Nc6+ Kb6 54. Nce5+ Kb5 55. Nxc4 dxc4 56. Qc5+ Ka4 57. Qxc4+ Ka3 58. Qb5 Ka2 59. Qb2# 1-0


[Site "https://www.chess.com"]

[Event "Titled Tuesday Blitz February 28 Early 2023"]
[White "Derix, Bernhard"]
[Black "Costachi, Mihnea"]
[WhiteFideId "4642368"]
[BlackFideId "1217518"]
[WhiteElo "2601"]
[BlackElo "2456"]
[Result "0-1"]
[Round "10"]
[TimeControl "180+2"]
[Date "2023.02.28"]
[WhiteClock "0:00:30"]
[BlackClock "0:00:47"]

1. e4 e5 2. Nf3 Nc6 3. Bb5 a6 4. Bxc6 dxc6 5. O-O Bg4 6. h3 h5 7. d3 Qf6 8. Nbd2 g5 9. Re1 Bd6 10. d4 Bxf3 11. Nxf3 g4 12. dxe5 Bxe5 13. Bg5 Qe6 14. hxg4 hxg4 15. Nxe5 Qxe5 16. Qxg4 Ne7 17. Rad1 Ng6 18. g3 Kf8 19. Rd7 Re8 20. Qf3 Qe6 21. Rxc7 Ne5 22. Qa3+ Kg8 23. Re7 Rxe7 24. Qxe7 Qxe7 25. Bxe7 Nf3+ 26. Kf1 Rh1+ 27. Ke2 Nxe1 0-1


[Site "https://www.chess.com"]

[Event "Titled Tuesday Blitz February 28 Early 2023"]
[White "Aradhya, Garg"]
[Black "Aldokhin, Ivan"]
[WhiteFideId "25006746"]
[BlackFideId "24115720"]
[WhiteElo "2278"]
[BlackElo "2322"]
[Result "1-0"]
[Round "10"]
[TimeControl "180+2"]
[Date "2023.02.28"]
[WhiteClock "0:00:35"]
[BlackClock "0:00:02"]

1. d4 Nf6 2. c4 g6 3. Nf3 Bg7 4. g3 d6 5. Bg2 O-O 6. Nc3 Bf5 7. Nh4 Bc8 8. O-O e5 9. Nf3 e4 10. Ng5 e3 11. Bxe3 Nc6 12. h3 Bd7 13. Nf3 Re8 14. Qd2 Qc8 15. Kh2 Bf5 16. Rac1 a5 17. d5 Nb4 18. Nd4 Bd7 19. Bh6 Bh8 20. e4 Na6 21. Rce1 Nc5 22. Nb3 b6 23. Nxc5 bxc5 24. a4 Rb8 25. Nb5 Bxb5 26. axb5 Nd7 27. Ra1 Nb6 28. Qc2 a4 29. Ra3 Qd8 30. b3 axb3 31. Qxb3 Qf6 32. h4 Ra8 33. Rxa8 Rxa8 34. Be3 Qb2 35. Qd3 Ra3 36. Qd1 Nxc4 37. Qg4 Be5 38. Bh6 Ra8 39. Qd7 Bg7 40. Bxg7 Kxg7 41. Qxc7 Qxb5 42. e5 Nxe5 43. Qxd6 Re8 44. Kh1 Nd3 45. Qc7 c4 46. d6 Qc5 47. d7 1-0


[Site "https://www.chess.com"]

[Event "Titled Tuesday Blitz February 28 Early 2023"]
[White "Wagner, Dennis"]
[Black "Bews, Steven"]
[WhiteFideId "24650684"]
[BlackFideId "2400529"]
[WhiteElo "2470"]
[BlackElo "2595"]
[Result "1/2-1/2"]
[Round "10"]
[TimeControl "180+2"]
[Date "2023.02.28"]
[WhiteClock "0:00:15"]
[BlackClock "0:00:23"]

1. c4 Nf6 2. Nc3 e6 3. Nf3 Bb4 4. Qb3 c5 5. e3 O-O 6. a3 Bxc3 7. Qxc3 b6 8. b4 d6 9. Bb2 Bb7 10. Be2 Nbd7 11. O-O Qe7 12. d4 Ne4 13. Qc2 f5 14. Rad1 Ng5 15. dxc5 Nxf3+ 16. Bxf3 Bxf3 17. gxf3 dxc5 18. Kh1 Rad8 19. Rg1 Nf6 20. Rxd8 Rxd8 21. bxc5 bxc5 22. Qc3 Kf8 23. Qe5 Qd6 24. Kg2 Qxe5 25. Bxe5 Rd3 26. a4 Nd7 27. Bc7 Rb3 28. a5 Ke7 29. Rd1 Rb4 30. Rd6 Rxc4 31. Ra6 Ra4 32. Rxa7 c4 33. Be5 g6 34. f4 Ra3 35. Bd4 Kd6 36. a6 c3 37. Ra8 c2 38. Rc8 Rxa6 39. Rxc2 Rc6 40. Be5+ Nxe5 41. fxe5+ Kd5 42. Rxc6 Kxc6 43. Kf3 g5 44. h4 h6 45. hxg5 hxg5 46. e4 Kc5 47. exf5 exf5 48. Kg3 Kd5 49. f4 gxf4+ 50. Kxf4 Ke6 51. Kf3 Kxe5 52. Ke3 f4+ 53. Kf3 Kf5 54. Kf2 Ke4 55. Ke2 f3+ 56. Kf2 Kf4 57. Kf1 Ke3 58. Ke1 f2+ 59. Kf1 Kf3 1/2-1/2


[Site "https://www.chess.com"]

[Event "Titled Tuesday Blitz February 28 Early 2023"]
[White "Odegov, Artem"]
[Black "Rostomyan, Mikayel"]
[WhiteFideId "34183644"]
[BlackFideId "13313754"]
[WhiteElo "2300"]
[BlackElo "2009"]
[Result "0-1"]
[Round "10"]
[TimeControl "180+2"]
[Date "2023.02.28"]
[WhiteClock "0:00:46"]
[BlackClock "0:01:06"]

1. d4 Nf6 2. c4 c5 3. d5 b5 4. cxb5 a6 5. b6 e6 6. Nc3 exd5 7. Nxd5 Nxd5 8. Qxd5 Nc6 9. e4 Be7 10. Bc4 O-O 11. Nf3 Rb8 12. O-O Rxb6 13. Qh5 Nd4 14. Nxd4 cxd4 15. Rd1 g6 16. Qe2 Bf6 17. e5 Re8 18. f4 d6 19. Rxd4 Qc7 20. Rxd6 Rxd6 21. exd6 Qc5+ 22. Kf1 Rxe2 23. Bxe2 Qxd6 24. Be3 Qe7 25. Kf2 Bb7 26. Rc1 Bxb2 27. Rb1 Ba3 0-1


[Site "https://www.chess.com"]

[Event "Titled Tuesday Blitz February 28 Early 2023"]
[White "Nazari, Arad"]
[Black "benny_aizenberg"]
[WhiteFideId "12577324"]
[WhiteElo "2242"]
[BlackElo "2584"]
[Result "0-1"]
[Round "10"]
[TimeControl "180+2"]
[Date "2023.02.28"]
[WhiteClock "0:00:04"]
[BlackClock "0:00:05"]

1. e4 c5 2. Nf3 e6 3. b3 a6 4. Bb2 Nc6 5. c4 Qc7 6. Qe2 Nge7 7. e5 Nf5 8. g4 Nfd4 9. Bxd4 cxd4 10. Bg2 Nb4 11. d3 Bc5 12. a3 Nc6 13. Nbd2 a5 14. O-O O-O 15. Rfe1 b6 16. Ne4 Be7 17. Ng3 Bb7 18. Nd2 Bg5 19. Nf3 Bf4 20. Nh5 g5 21. Nxf4 gxf4 22. Qd2 f6 23. Qxf4 fxe5 24. Qg5+ Kh8 25. Nxe5 Nxe5 26. Rxe5 Bxg2 27. Kxg2 Rf7 28. Rf1 Rg8 29. Qh5 Rxg4+ 30. Kh1 Qc6+ 31. Re4 Rxe4 32. dxe4 Qxe4+ 33. f3 Qf4 34. Kg2 d3 35. Rf2 d2 36. Rf1 Rg7+ 37. Kf2 Qd4+ 38. Ke2 d1=Q+ 39. Rxd1 Rg2+ 40. Kf1 Qf2# 0-1


[Site "https://www.chess.com"]

[Event "Titled Tuesday Blitz February 28 Early 2023"]
[White "Domingo Nunez, Alejandro"]
[Black "Kucuksari, Kaan"]
[WhiteFideId "22245561"]
[BlackFideId "6380166"]
[WhiteElo "2230"]
[BlackElo "2364"]
[Result "0-1"]
[Round "10"]
[TimeControl "180+2"]
[Date "2023.02.28"]
[WhiteClock "0:00:02"]
[BlackClock "0:00:14"]

1. e4 Nf6 2. e5 Nd5 3. c4 Nb6 4. d4 d6 5. f4 dxe5 6. fxe5 Nc6 7. Be3 Bf5 8. Nc3 e6 9. Nf3 Be7 10. Be2 O-O 11. O-O f6 12. exf6 Bxf6 13. Qd2 Qe7 14. Rad1 Rad8 15. Kh1 Bg4 16. Ne4 Bxf3 17. Nxf6+ gxf6 18. Rxf3 Kh8 19. Rh3 Rg8 20. Bd3 Rg7 21. Qc3 f5 22. Bc2 Qb4 23. Bb3 Qxc3 24. bxc3 Na5 25. d5 Naxc4 26. Bxb6 Nxb6 27. dxe6 Rxd1+ 28. Bxd1 Nd5 29. Bb3 c6 30. c4 Nf4 31. Re3 Re7 32. c5 Kg7 33. g3 Ng6 34. Rd3 Nf8 35. Rd8 a6 36. Kg2 Nxe6 37. Bxe6 Rxe6 38. Rd7+ Kf6 39. Rxb7 Re5 40. Rb6 Rxc5 41. Rxa6 Rc2+ 42. Kf3 Ke5 43. Ra5+ c5 44. a4 Kd4 45. Ra7 Rxh2 46. Ra5 Ra2 47. Ra7 h6 48. a5 c4 49. Rd7+ Kc5 50. Rc7+ Kb5 51. Kf4 Rxa5 52. Rc8 Kb4 0-1


[Site "https://www.chess.com"]

[Event "Titled Tuesday Blitz February 28 Early 2023"]
[White "Stijve, Theo"]
[Black "Md, Imran"]
[WhiteFideId "1331132"]
[BlackFideId "25748580"]
[WhiteElo "2256"]
[BlackElo "2217"]
[Result "1-0"]
[Round "10"]
[TimeControl "180+2"]
[Date "2023.02.28"]
[WhiteClock "0:00:28"]
[BlackClock "0:00:21"]

1. e4 c5 2. Nf3 Nc6 3. Nc3 e6 4. d4 cxd4 5. Nxd4 Nxd4 6. Qxd4 Ne7 7. Bg5 Nc6 8. Qd2 Qa5 9. O-O-O Bb4 10. h4 O-O 11. Bc4 Bxc3 12. Qxc3 Qxc3 13. bxc3 f6 14. Be3 Ne5 15. Bb3 a5 16. a4 h5 17. Bc5 Re8 18. Rd6 Ra6 19. Rhd1 Rc6 20. Rxc6 bxc6 21. Bb6 Bb7 22. Bxa5 c5 23. Bc7 Bc6 24. Bxe5 fxe5 25. f3 c4 26. Bxc4 Bxa4 27. Bb3 Bc6 28. Rd6 Kf7 29. Kd2 g5 30. hxg5 Kg6 31. Bd5 Ba4 32. Ra6 Bb5 33. Rb6 Ba4 34. Bb3 Bc6 35. Bd5 Ba4 36. c4 Kxg5 37. Bb7 Kf4 38. Ra6 Rb8 39. Rxa4 Rxb7 40. Ra8 Rc7 41. Kd3 d6 42. Rh8 Kg3 43. Rxh5 Kxg2 44. Rh6 Re7 45. Rf6 Kg3 46. Kc3 Kh4 47. Kb4 Kg5 48. Rf8 Rb7+ 49. Kc3 Rc7 50. Kd3 Kg6 51. Rd8 Rc6 52. Rd7 Kf6 53. Kc3 Rb6 54. Rc7 Rb1 55. Kd3 Rd1+ 56. Ke2 Re1+ 57. Kxe1 1-0


[Site "https://www.chess.com"]

[Event "Titled Tuesday Blitz February 28 Early 2023"]
[White "Begunov, Konstantin"]
[Black "Volkov, Maksim"]
[WhiteFideId "4118510"]
[BlackFideId "54123070"]
[WhiteElo "2118"]
[BlackElo "2328"]
[Result "1-0"]
[Round "10"]
[TimeControl "180+2"]
[Date "2023.02.28"]
[WhiteClock "0:00:10"]
[BlackClock "0:00:02"]

1. d4 d5 2. c4 e6 3. Nc3 c6 4. cxd5 exd5 5. Qc2 Nf6 6. Bg5 h6 7. Bh4 Be7 8. e3 Nbd7 9. Nf3 Nf8 10. Bd3 Ne6 11. O-O O-O 12. Rab1 a6 13. b4 g6 14. a4 Ng7 15. b5 cxb5 16. axb5 a5 17. Qb3 Be6 18. Ne5 g5 19. Bg3 Ne4 20. Nxe4 dxe4 21. Bc4 a4 22. Qa2 Bxc4 23. Qxc4 Qc8 24. Qa2 Qe6 25. d5 Qf5 26. Rfd1 Rfd8 27. Rbc1 Bd6 28. Nc4 Bxg3 29. hxg3 Rxd5 30. Nb6 Rxd1+ 31. Rxd1 Ra5 32. Rd8+ Kh7 33. Nd7 Ne6 34. Rb8 Rxb5 35. Qxa4 Rb1+ 36. Kh2 Kg7 37. Qc2 Rb5 38. Qc8 Kg6 39. Qg8+ Kh5 40. Qh8 Qg6 41. Nf6+ Qxf6 42. Qxf6 Rf5 43. Qxf5 1-0


[Site "https://www.chess.com"]

[Event "Titled Tuesday Blitz February 28 Early 2023"]
[White "Maximov, Dmitry"]
[Black "Diaz Perez, Michel Alejandro"]
[WhiteFideId "14105659"]
[BlackFideId "3517179"]
[WhiteElo "2494"]
[BlackElo "2333"]
[Result "0-1"]
[Round "10"]
[TimeControl "180+2"]
[Date "2023.02.28"]
[WhiteClock "0:00:15"]
[BlackClock "0:00:29"]

1. e4 c6 2. Nf3 d5 3. Nc3 Bg4 4. h3 Bxf3 5. Qxf3 e6 6. d3 Nd7 7. Bd2 Bc5 8. Qg3 Bd4 9. Nd1 Ne7 10. c3 Bf6 11. h4 h5 12. f4 dxe4 13. dxe4 Ng6 14. Qf2 Bxh4 15. g3 Be7 16. Be3 Qa5 17. b4 Bxb4 18. cxb4 Qxb4+ 19. Qd2 Qxe4 20. Bg2 Qa4 21. Nc3 Qa5 22. Ne4 Qxd2+ 23. Kxd2 Ke7 24. Rab1 b6 25. Rbe1 Rad8 26. Kc2 Nf6 27. Nxf6 gxf6 28. Bd2 f5 29. Bc3 Rhg8 30. Bxc6 Rc8 31. Bf3 h4 32. gxh4 Nxf4 33. Rhg1 Rh8 34. h5 Nxh5 35. Kb3 Nf6 36. Bb4+ Ke8 37. Re3 Nd7 38. Rd1 Nc5+ 39. Ka3 Ke7 40. Red3 Rhd8 41. Rxd8 Rxd8 42. Rxd8 Kxd8 43. Bxc5 bxc5 44. Kb3 e5 45. Kc4 e4 46. Bg2 Ke7 47. Kxc5 Kf6 48. Kc6 Ke5 49. a4 f4 50. Kb7 f3 51. Bh3 e3 52. Kxa7 e2 53. a5 e1=Q 54. a6 f2 55. Kb7 f1=Q 56. Bxf1 Qxf1 57. a7 Qf3+ 58. Kb8 Qc6 0-1


[Site "https://www.chess.com"]

[Event "Titled Tuesday Blitz February 28 Early 2023"]
[White "Fiedorek, Michal"]
[Black "Nur, Shahidee Bin Saharan"]
[WhiteFideId "1199528"]
[BlackFideId "5810973"]
[WhiteElo "2135"]
[BlackElo "2734"]
[Result "0-1"]
[Round "10"]
[TimeControl "180+2"]
[Date "2023.02.28"]
[WhiteClock "0:00:03"]
[BlackClock "0:00:13"]

1. d4 g6 2. e4 b6 3. Nf3 Bb7 4. Nc3 Bg7 5. Be3 h6 6. Bd3 Nc6 7. d5 Nb4 8. Bc4 e6 9. a3 Na6 10. O-O Nf6 11. Qe2 Nc5 12. Bd4 a5 13. b4 Na6 14. bxa5 bxa5 15. Rab1 Bc8 16. Nb5 O-O 17. Na7 Nb8 18. Rfd1 exd5 19. exd5 Re8 20. Qd3 d6 21. Nxc8 Qxc8 22. Re1 Nbd7 23. Rxe8+ Qxe8 24. Re1 Qd8 25. Qc3 Qf8 26. h3 a4 27. Ba2 Qd8 28. Nd2 Nb6 29. Qf3 Nfd7 30. Bxg7 Kxg7 31. c4 Qf6 32. Qd3 Nc5 33. Qc2 Qd4 34. Nf3 Qd3 35. Qb2+ Kg8 36. Qf6 Qf5 37. Qxf5 gxf5 38. Re8+ Rxe8 0-1


[Site "https://www.chess.com"]

[Event "Titled Tuesday Blitz February 28 Early 2023"]
[White "Kopczynski, Michal"]
[Black "Golubka, Petro"]
[WhiteFideId "1124200"]
[BlackFideId "14114224"]
[WhiteElo "2212"]
[BlackElo "2404"]
[Result "0-1"]
[Round "10"]
[TimeControl "180+2"]
[Date "2023.02.28"]
[WhiteClock "0:00:19"]
[BlackClock "0:02:11"]

1. e4 d6 2. d4 Nf6 3. Nc3 g6 4. Be3 Bg7 5. f3 a6 6. Qd2 b5 7. O-O-O h5 8. h4 Bb7 9. Nh3 Nbd7 10. Ng5 e5 11. d5 Nh7 12. Nxh7 Rxh7 13. g4 hxg4 14. fxg4 Rxh4 15. Bg5 Bh6 16. Bxd8 Bxd2+ 17. Kxd2 Rxh1 18. Bxc7 b4 19. Na4 Nf6 20. Nb6 Nxe4+ 21. Ke3 Ng3 22. Nxa8 Nxf1+ 23. Kf2 Kd7 24. Ba5 Bxa8 25. Rxf1 Rxf1+ 26. Kxf1 Bxd5 27. Bxb4 g5 28. b3 Be4 29. c4 Bb1 30. a3 Ba2 31. c5 d5 32. Bd2 f6 33. b4 Bc4+ 34. Kf2 d4 35. Kf3 Bd5+ 36. Kg3 e4 37. a4 e3 38. Be1 Kc6 0-1


[Site "https://www.chess.com"]

[Event "Titled Tuesday Blitz February 28 Early 2023"]
[White "Garakov, Mikhael"]
[Black "Mirzoev, Azer"]
[WhiteFideId "4169034"]
[BlackFideId "13400304"]
[WhiteElo "2347"]
[BlackElo "2525"]
[Result "1-0"]
[Round "10"]
[TimeControl "180+2"]
[Date "2023.02.28"]
[WhiteClock "0:00:44"]
[BlackClock "0:01:45"]

1. e4 c5 2. Nf3 e6 3. c4 Nc6 4. Nc3 Nd4 5. Nxd4 cxd4 6. Ne2 Qb6 7. d3 Nf6 8. g3 e5 9. Bg2 Bb4+ 10. Bd2 a5 11. O-O O-O 12. h3 d6 13. f4 Bxd2 14. Qxd2 Nd7 15. g4 Nc5 16. Rab1 Qb4 17. Qd1 a4 18. g5 Bd7 19. f5 f6 20. gxf6 gxf6 21. Ng3 Kh8 22. Nh5 Be8 23. Kh1 b6 24. Bf3 Ra7 25. Rg1 Bxh5 26. Bxh5 b5 27. Rg2 bxc4 28. Qg4 Qb7 29. Rbg1 Qg7 30. Qh4 Qh6 31. Bf7 1-0


[Site "https://www.chess.com"]

[Event "Titled Tuesday Blitz February 28 Early 2023"]
[White "Aydincelebi, Kagan"]
[Black "Romero Barreto, Jaime Jose"]
[WhiteFideId "6361102"]
[BlackFideId "3902498"]
[WhiteElo "2180"]
[BlackElo "2313"]
[Result "0-1"]
[Round "10"]
[TimeControl "180+2"]
[Date "2023.02.28"]
[WhiteClock "0:00:14"]
[BlackClock "0:00:11"]

1. e4 d6 2. d4 Nf6 3. Nc3 e5 4. Nf3 exd4 5. Nxd4 Be7 6. Bf4 Nc6 7. Qd2 Nxd4 8. Qxd4 O-O 9. O-O-O Be6 10. f3 a6 11. g4 b5 12. h4 c5 13. Qd2 Qa5 14. Kb1 b4 15. Nd5 Nxd5 16. exd5 Bd7 17. h5 Bb5 18. Re1 Rfe8 19. g5 c4 20. g6 c3 21. gxf7+ Kxf7 22. Qd1 Bf6 23. Bh3 cxb2 24. Be6+ Ke7 25. Re4 Qb6 26. Rhe1 Kd8 27. h6 a5 28. hxg7 Bxg7 29. Be3 Qa6 30. Bd4 Bxd4 31. Qxd4 Kc7 32. Rh4 Re7 33. Kxb2 Rae8 34. Rc1 Qb6 35. Qd2 Qc5 36. c4 Bd7 37. Bxd7 Re2 38. Bxe8 Rxd2+ 39. Kb1 Qf2 40. Rxh7+ Kb6 0-1


[Site "https://www.chess.com"]

[Event "Titled Tuesday Blitz February 28 Early 2023"]
[White "Belozerov, Andrei"]
[Black "Reprintsev, Alexander"]
[WhiteFideId "4120213"]
[BlackFideId "14100541"]
[WhiteElo "2360"]
[BlackElo "2250"]
[Result "0-1"]
[Round "10"]
[TimeControl "180+2"]
[Date "2023.02.28"]
[WhiteClock "0:00:02"]
[BlackClock "0:00:12"]

1. e4 e5 2. Nf3 Nc6 3. Bb5 Bc5 4. c3 f5 5. d4 fxe4 6. Nxe5 Nxe5 7. O-O c6 8. Ba4 d5 9. dxe5 Qe7 10. c4 Qxe5 11. cxd5 Nf6 12. Nc3 O-O 13. g3 e3 14. Bxe3 Bxe3 15. fxe3 Qxe3+ 16. Kg2 Bg4 17. Qe1 Qh6 18. Kh1 Nxd5 19. Nxd5 cxd5 20. Qe5 Rad8 21. Bb3 Qd6 22. Rxf8+ Kxf8 23. Rf1+ Kg8 24. Qg5 Be2 25. Rf2 Bc4 26. Bc2 Rf8 27. Rxf8+ Qxf8 28. Bf5 Bxa2 29. Kg2 Qf6 30. Qf4 Qxb2+ 31. Kh3 g6 32. Qb8+ Kf7 33. Bd7 Ke7 34. Qe8+ Kd6 35. Bg4 Qb6 36. Qf8+ Kc6 37. Be6 Kb5 38. Qa3 Qxe6+ 39. Kh4 Bc4 40. Qb2+ Kc6 41. Qg7 Qe4+ 42. g4 h5 43. h3 hxg4 44. hxg4 Qe1+ 45. Kg5 Qe4 46. Qf8 a5 47. Qc8+ Kb6 48. Qd8+ Kb5 49. Qd7+ Ka6 50. Qd6+ b6 51. Qd7 Qe3+ 52. Kf6 Qc5 0-1


[Site "https://www.chess.com"]